 Dungeon Crawl Stone Soup version 0.18-a0-1171-ga8e22e7 (console) character file.

11776 FoCheiMinh the Arsonist (level 12, -16/84 HPs)
             Began as a Formicid Fire Elementalist on Jan 26, 2016.
             Was a High Priest of Cheibriados.
             Demolished by Maud
             ... wielding a +5 demon trident
              (36 damage)
             ... on level 10 of the Dungeon.
             The game lasted 01:30:19 (15287 turns).

FoCheiMinh the Arsonist (FoFE)                     Turns: 15287, Time: 01:30:19

Health: -16/84     AC:  7    Str: 29    XL:     12   Next: 12%
Magic:  15/23      EV: 16    Int: 34    God:    Cheibriados [*****.]
Gold:   642        SH:  6    Dex: 22    Spells: 5 memorised, 12 levels left

rFire  . . .     SeeInvis +     a - +1 trident (vamp)
rCold  . . .     Gourm    .     d - +2 robe
rNeg   . . .     Faith    .     i - +0 buckler
rPois  .         Spirit   .     (helmet unavailable)
rElec  .         Dismiss  .     (no cloak)
rCorr  .         Reflect  .     g - +2 pair of gloves
SustAt .         Harm     .     (no boots)
MR     +....                    (no amulet)
Stlth  ++++......               h - ring of stealth
                                k - +3 ring of intelligence

@: mighty, very slow, somewhat resistant to hostile enchantments, stealthy
A: permanent stasis, dig shafts and tunnels, four strong arms, antennae 3
a: Dig, Shaft Self, Bend Time, Temporal Distortion, Slouch, Step From Time,
Renounce Religion


You were on level 10 of the Dungeon.
You worshipped Cheibriados.
Cheibriados was extremely pleased with you.
You were not hungry.

You visited 2 branches of the dungeon, and saw 11 of its levels.

You collected 642 gold pieces.

Inventory:

Hand Weapons
 a - a +1 vampiric trident (weapon)
 o - a +2 whip of venom
 J - a cursed -3 dire flail
 K - a +0 war axe
 O - a +1 whip of electrocution
 Z - the +6 rapier of Egiry {drain, +Inv rN+ MP-9 Dex+4}
   (You found it on level 10 of the Dungeon)

   A truly terrible weapon, it drains the life of those it strikes.
   It affects your dexterity (+4).
   It protects you from negative energy.
   It affects your magic capacity (-9).
   It lets you turn invisible.
Missiles
 I - 298 stones
 Y - 8 tomahawks (quivered)
Armour
 d - a +2 robe (worn)
 g - a +2 pair of gloves (worn)
 i - a +0 buckler (worn)
 V - a +0 scale mail of cold resistance
 X - a troll hide
Jewellery
 h - a ring of stealth (right hand)
 k - a +3 ring of intelligence (left hand)
 M - a +1 ring of protection
Wands
 l - a wand of disintegration (6/24)
 C - a wand of digging (7/24)
 U - a wand of teleportation (4/9)
Scrolls
 e - 3 scrolls of remove curse
 m - 3 scrolls of magic mapping {unknown}
 t - 3 scrolls of blinking {unknown}
 u - 4 scrolls of amnesia {unknown}
 v - 10 scrolls of identify
 w - 4 scrolls of teleportation {unknown}
 x - a scroll of enchant weapon {unknown}
 y - a scroll of immolation {unknown}
 E - a scroll of noise {unknown}
 H - a scroll of vulnerability {unknown}
 S - a scroll of random uselessness {unknown}
Potions
 n - a potion of invisibility {unknown}
 p - 3 potions of might
 q - 3 potions of flight {unknown}
 s - a potion of lignification {unknown}
 z - 3 potions of haste {unknown}
 A - 3 potions of heal wounds {unknown}
 B - 2 potions of cure mutation {unknown}
 D - 4 potions of curing
 L - a potion of mutation {unknown}
 N - 2 potions of brilliance {unknown}
 P - a potion of cancellation {unknown}
 R - 2 potions of ambrosia {unknown}
Books
 b - a book of Flames

   Spells                             Type                      Level
   a - Flame Tongue                   Conjuration/Fire             1
   b - Throw Flame                    Conjuration/Fire             2
   c - Conjure Flame                  Conjuration/Fire             3
   d - Inner Flame                    Hexes/Fire                   3
   e - Sticky Flame                   Conjuration/Fire             4
   f - Fireball                       Conjuration/Fire             5
 G - a book of Annihilations

   Spells                             Type                      Level
   a - Poison Arrow                   Conjuration/Poison           6
   b - Chain Lightning                Conjuration/Air              8
   c - Lehudib's Crystal Spear        Conjuration/Earth            8
   d - Glaciate                       Conjuration/Ice              9
   e - Fire Storm                     Conjuration/Fire             9
 W - a book of Party Tricks

   Spells                             Type                      Level
   a - Summon Butterflies             Summoning                    1
   b - Apportation                    Translocation                1
   c - Tukima's Dance                 Hexes                        3
   d - Alistair's Intoxication        Transmutation/Poison         5
   e - Invisibility                   Hexes                        6
Comestibles
 c - 10 bread rations
 f - 2 beef jerkies
 j - a chunk of flesh
 F - 3 meat rations


   Skills:
 * Level 4.7 Fighting
 * Level 3.4 Axes
 * Level 4.8 Armour
 * Level 5.1 Dodging
 + Level 2.9 Stealth
 + Level 4.3 Shields
 * Level 7.7 Spellcasting
 * Level 9.2 Conjurations
 * Level 9.3 Fire Magic
 * Level 4.0 Invocations


You had 12 spell levels left.
You knew the following spells:

 Your Spells              Type           Power        Failure   Level  Hunger
a - Flame Tongue          Conj/Fire      #####        1%          1    None
b - Fireball              Conj/Fire      ######....   1%          5    ####...
c - Summon Butterflies    Summ           ##......     4%          1    None
f - Conjure Flame         Conj/Fire      ######..     1%          3    None
s - Sticky Flame          Conj/Fire      ######..     1%          4    None


Dungeon Overview and Level Annotations

Branches:
Dungeon (10/15)            Temple (1/1) D:7
   Lair: D:8-11         Orc: D:9-12

Altars:
Ashenzari
Cheibriados
Dithmenos
Elyvilon
Fedhas
Gozag
Kikubaaqudgha
Makhleb
Nemelex Xobeh
Okawaru
Pakellas
Qazlal
Ru
Sif Muna
Trog
Vehumet
Xom
Yredelemnul
Zin
The Shining One

Shops:
D:5 *%[(:

Annotations:
D:2 1 exclusion
D:9 Vault with monsters
D:10 Maud


Innate Abilities, Weirdness & Mutations

You are under a permanent stasis effect.
You can dig through walls and to a lower floor.
Your four strong arms can wield two-handed weapons with a shield.
You have a pair of large antennae on your head (SInv).


Message History

Maud hits you with an enchanted demon trident!!
Maud is engulfed in roaring flames.
Maud hits you with an enchanted demon trident!!
* * * LOW HITPOINT WARNING * * *
Unknown command.
Casting: Flame Tongue
Confirm with . or Enter, or press ? or * to list all spells.
Aiming: Sticky Flame
Press: ? - help, Shift-Dir - straight line, f/p - Maud
Aim: Maud, wielding an enchanted demon trident and wearing a chain mail (flame, moderately wounded)
The sticky flame hits Maud.
Maud is moderately wounded.
Maud is covered in liquid flames!
Maud burns!
Maud is engulfed in roaring flames.
Maud barely misses you.
Drink which item? (? for menu, Esc to quit)
It was a potion of might.
You feel very mighty all of a sudden.
Maud burns!
Maud is engulfed in roaring flames.
Maud hits you with an enchanted demon trident!!!
You die...

#.......# .... #...ยง...+
.... #.#####.# ..... #.#
#.###### ..... #.......#....#
....#
#.......#....##....#.......##
#.......#..........+.......+.
#.......#..........#.......#.
#.......#...@......#...##..#.
#.......###@###....#...##..#.
#.............######...##..#.
#..........................##
#.......(......####....=.)...
#.....((.......# #..........
#....(.........# #..........
#..............# #..........
#..........##..# #..........


You could see Maud (burning).

Vanquished Creatures
  Nergalle (D:10)
  Pikel (D:4)
  A hill giant (D:10)
  The ghost of johnl023 the Chopper, an amateur DDFi of Pakellas (D:4)
  2 trolls
  Prince Ribbit (D:7)
  Grinder (D:4)
  A spriggan (D:7)
  19 yaks
  A wraith (D:10)
  A wyvern (D:10)
  2 hippogriffs
  Menkaure (D:7)
  3 ice beasts
  7 orc warriors
  Purgy (D:4)
  3 sky beasts
  A slave (D:4)
  4 black bears
  6 ogres
  2 necrophages
  An eye of draining (D:10)
  A phantom (D:8)
  3 centaurs
  2 big kobolds
  9 giant frogs
  2 wyvern zombies
  A wyvern skeleton (D:9)
  2 scorpions (D:7)
  3 wights (D:8)
  2 crimson imps
  A giant frog zombie (D:6)
  2 quasits
  5 hounds
  6 orc priests
  4 jellies
  15 orc wizards
  2 centaur skeletons
  4 iguanas
  9 worker ants
  Terence (D:2)
  A hound zombie (D:8)
  A hound skeleton (D:9)
  Robin (D:2)
  4 gnolls (D:10)
  15 adders
  4 shadow imps
  3 oozes
  4 adder skeletons
  3 worms
  6 giant geckos
  48 orcs
  2 ball pythons (D:4)
  10 bats
  12 giant cockroaches
  8 hobgoblins
  19 jackals
  4 quokkas
  10 giant newts
  12 goblins
  18 kobolds
  A quokka skeleton (D:9)
  5 rats
326 creatures vanquished.

Vanquished Creatures (others)
  3 slaves (D:4)
  An adder (D:4)
  A worm (D:4)
  A quokka skeleton (D:4)
6 creatures vanquished.

Grand Total: 332 creatures vanquished

Notes
Turn   | Place    | Note
--------------------------------------------------------------
     0 | D:1      | FoCheiMinh the Formicid Fire Elementalist began the quest for the Orb.
     0 | D:1      | Reached XP level 1. HP: 13/13 MP: 3/3
   200 | D:1      | Reached skill level 1 in Conjurations
   200 | D:1      | Reached XP level 2. HP: 16/19 MP: 0/5
   733 | D:1      | Reached XP level 3. HP: 24/24 MP: 4/6
   787 | D:1      | Learned a level 3 spell: Conjure Flame
  1123 | D:1      | Upgraded the game from 0.18-a0-1164-g7046a04 to 0.18-a0-1171-ga8e22e7
  1417 | D:2      | Reached XP level 4. HP: 30/30 MP: 5/7
  1428 | D:2      | Learned a level 4 spell: Sticky Flame
  1621 | D:2      | Found a stormy altar of Qazlal.
  1864 | D:2      | Reached XP level 5. HP: 35/35 MP: 3/9
  2131 | D:2      | Reached skill level 4 in Fire Magic
  2307 | D:2      | Noticed Terence
  2363 | D:2      | Found a shattered altar of Ashenzari.
  2660 | D:3      | Noticed an ogre
  2679 | D:3      | Killed an ogre
  2679 | D:3      | Reached XP level 6. HP: 41/41 MP: 0/10
  2786 | D:3      | Found a shadowy altar of Dithmenos.
  3847 | D:4      | Noticed Purgy
  4019 | D:4      | Noticed johnl023's ghost (amateur DDFi)
  4046 | D:4      | Killed johnl023's ghost
  4046 | D:4      | Reached skill level 5 in Conjurations
  4046 | D:4      | Reached skill level 5 in Fire Magic
  4046 | D:4      | Reached XP level 7. HP: 15/46 MP: 0/11
  4532 | D:4      | Noticed Grinder
  4668 | D:4      | Found a shadowy altar of Dithmenos.
  4671 | D:4      | Found a radiant altar of Vehumet.
  4690 | D:4      | Noticed Pikel
  4708 | D:4      | Killed Pikel
  4708 | D:4      | Reached skill level 6 in Conjurations
  4708 | D:4      | Reached XP level 8. HP: 27/52 MP: 1/12
  5235 | D:2      | Killed Terence
  5250 | D:2      | Noticed Robin
  5263 | D:2      | Killed Robin
  5439 | D:2      | Found an oddly glowing altar of Pakellas.
  5637 | D:4      | Killed Grinder
  5637 | D:4      | Reached skill level 1 in Armour
  5637 | D:4      | Reached skill level 7 in Conjurations
  5637 | D:4      | Reached XP level 9. HP: 45/58 MP: 4/13
  5719 | D:4      | Found a white marble altar of Elyvilon.
  5733 | D:4      | Found a sparkling altar of Nemelex Xobeh.
  5889 | D:4      | Killed Purgy
  5889 | D:4      | Reached skill level 1 in Fighting
  5969 | D:4      | Learned a level 5 spell: Fireball
  6133 | D:5      | Entered Level 5 of the Dungeon
  6364 | D:5      | Found Vagejez's Armour Shoppe.
  6517 | D:5      | Found Vuipatt's Book Emporium.
  6566 | D:5      | Found Ihimucvi's Assorted Antiques.
  6674 | D:5      | Found Onwy's Antique Weapon Shop.
  6687 | D:5      | Found Ugyn's Food Shoppe.
  6876 | D:6      | Found a shimmering altar of Xom.
  6997 | D:6      | Reached skill level 1 in Shields
  7778 | D:7      | Noticed Prince Ribbit
  7786 | D:7      | Killed Prince Ribbit
  8126 | D:7      | Noticed Menkaure
  8131 | D:7      | Killed Menkaure
  8131 | D:7      | Reached skill level 8 in Conjurations
  8131 | D:7      | Reached XP level 10. HP: 61/67 MP: 10/17
  8279 | D:7      | Reached skill level 5 in Spellcasting
  8732 | D:7      | Found a staircase to the Ecumenical Temple.
  8744 | Temple   | Entered the Ecumenical Temple
  8810 | Temple   | Became a worshipper of Cheibriados the Contemplative
  9503 | D:8      | Reached * piety under Cheibriados
  9723 | D:8      | Reached skill level 1 in Axes
 10714 | D:8      | Reached ** piety under Cheibriados
 10771 | D:8      | Learned a level 1 spell: Summon Butterflies
 11348 | D:8      | Reached skill level 1 in Invocations
 11787 | D:9      | Reached *** piety under Cheibriados
 11848 | D:9      | Reached XP level 11. HP: 75/75 MP: 17/20
 12609 | D:9      | Found a basalt altar of Yredelemnul.
 12786 | D:9      | Noticed a cyclops
 12787 | D:9      | Noticed a wizard
 12787 | D:9      | Noticed a centaur warrior
 13472 | D:9      | Reached **** piety under Cheibriados
 13743 | D:9      | Reached skill level 9 in Conjurations
 13825 | D:10     | Entered Level 10 of the Dungeon
 13971 | D:10     | Noticed Maud
 14576 | D:10     | Reached ***** piety under Cheibriados
 14747 | D:10     | Got a translucent rapier
 14767 | D:10     | Identified the +6 rapier of Egiry {drain, +Inv rN+ MP-9 Dex+4} (You found it on level 10 of the Dungeon)
 14872 | D:10     | Noticed Nergalle
 14883 | D:10     | Killed Nergalle
 14883 | D:10     | Reached skill level 5 in Dodging
 14883 | D:10     | Reached XP level 12. HP: 50/84 MP: 7/23
 15287 | D:10     | Demolished by Maud

Vault maps used:
D:1:      dpeg_arrival_simpleton_a
D:2:      lemuel_doored_altar, overflow_temple_1_default, first_bread,
          gammafunk_pakellas_cloud_experiment, uniq_terence, uniq_robin
D:3:      grunt_dithmenos_smoke_and_mirrors
D:4:      nicolae_overflow_hidden_temple, uniq_purgy, uniq_pikel, uniq_grinder
D:5:      serial_shops, nicolae_shop_temple_entry_statues_fountains,
          nicolae_shop_trees, kennysheep_mini_moat, nicolae_shop_waterfront,
          kennysheep_mini
D:6:      xom_butterflies
D:7:      the_bakery, uniq_prince_ribbit1, uniq_menkaure
D:9:      yredelemnul_altar_generic, minivault_12
D:10:     uniq_nergalle, uniq_maud
Temple:   circular_temple_12

Action                   |  1- 3 |  4- 6 |  7- 9 | 10-12 || total
-------------------------+-------+-------+-------+-------++-------
Melee: Dagger            |     5 |     9 |       |       ||    14
       Trident           |       |       |    55 |   131 ||   186
Throw: Stone             |     2 |     2 |    11 |    14 ||    29
       Tomahawk          |       |       |       |     3 ||     3
 Cast: Flame Tongue      |    55 |   139 |   181 |   364 ||   739
       Conjure Flame     |       |     2 |     6 |    16 ||    24
       Sticky Flame      |       |       |     7 |    45 ||    52
       Fireball          |       |       |       |    10 ||    10
Invok: Bend Time         |       |       |       |     2 ||     2
       Temporal Distorti |       |       |       |     1 ||     1
 Abil: Dig               |       |       |     2 |     5 ||     7
  Use: Scroll            |       |       |       |     2 ||     2
       Potion            |       |       |       |     2 ||     2
 Stab: Sleeping          |       |       |     1 |       ||     1
  Eat: Chunk             |     2 |     9 |    14 |    20 ||    45
       Meat ration       |       |       |     1 |       ||     1
